 Dungeon Crawl Stone Soup version 0.29-a0-25-g7f48f510a0 (webtiles) character file.

Game seed: 10375055431889208823

1060 Nattfarinn the Grave Robber (level 8, -4/61 (62) HPs)
             Began as a Deep Dwarf Necromancer on Jan 31, 2022.
             Was an Initiate of Makhleb.
             Killed from afar by a steam dragon (18 damage)
             ... with a ball of steam
             ... on level 6 of the Dungeon.
             The game lasted 00:13:05 (7647 turns).

Nattfarinn the Grave Robber (DDNe)                  Turns: 7647, Time: 00:13:07

HP:   -4/61 (62)    AC:  5    Str: 11    XL:     8   Next: 6%
MP:   11/17         EV: 12    Int: 19    God:    Makhleb [......]
Gold: 275           SH:  0    Dex: 19    Spells: 16/20 levels left

rFire   . . .      SeeInvis .   f - +2 dagger (drain)
rCold   . . .      Faith    .   (no shield)
rNeg    . . .      Spirit   .   i - +0 animal skin
rPois   .          Reflect  .   j - +0 helmet
rElec   .          Harm     .   (no cloak)
rCorr   .          Rampage  .   w - +0 pair of gloves
Will    +....                   B - +0 pair of boots
Stlth   ++........              (no amulet)
HPRegen 0.00/turn               b - +6 ring of dexterity
MPRegen 0.15/turn               (no ring)

@: lightly drained
A: damage resistance, heal wounds, sense surroundings 1, no regeneration
a: Heal Wounds, Renounce Religion


You were on level 6 of the Dungeon.
You worshipped Makhleb.
Makhleb was noncommittal.
You visited 1 branch of the dungeon, and saw 6 of its levels.

You collected 275 gold pieces.

Inventory:

Hand Weapons
 f - a +2 dagger of draining (weapon)
 v - a +3 short sword
Missiles
 u - 2 throwing nets
Armour
 a - a +0 robe
 i - a +0 animal skin (worn)
 j - a +0 helmet (worn)
 w - a +0 pair of gloves (worn)
 B - a +0 pair of boots (worn)
 E - a +1 hat
Jewellery
 b - a +6 ring of dexterity (left hand)
 m - a +6 ring of intelligence
Wands
 o - a wand of iceblast (7)
Scrolls
 c - a scroll of magic mapping {unknown}
 e - 8 scrolls of identify {unknown}
 h - a scroll of summoning {unknown}
 q - 2 scrolls of blinking {unknown}
 r - a scroll of fog {unknown}
 s - a scroll of noise {unknown}
 t - a scroll of vulnerability {unknown}
 x - a scroll of torment {unknown}
 y - a scroll of fear {unknown}
 A - a scroll of amnesia {unknown}
 C - 2 scrolls of teleportation {unknown}
Potions
 d - a potion of brilliance {unknown}
 g - a potion of magic {unknown}
 k - a potion of berserk rage {unknown}
 l - a potion of lignification {unknown}
 n - a potion of might {unknown}
 p - 3 potions of curing {unknown}
 z - a potion of haste {unknown}
 D - a potion of flight {unknown}


   Skills:
 - Level 2.1 Dodging
 - Level 2.4 Stealth
 * Level 6.7 Spellcasting
 + Level 7.4 Necromancy


You had 16 spell levels left.
You knew the following spells:

 Your Spells              Type           Power      Damage    Failure   Level
a - Pain                  Necr           100%       1d9       1%          1
b - Vampiric Draining     Necr           34%        2d8       1%          3

Your spell library contained the following spells:

 Spells                   Type           Power      Damage    Failure   Level
 Animate Skeleton         Necr           68%        N/A       1%          1
 Sublimation of Blood     Necr           34%        N/A       1%          2
 Animate Dead             Necr           17%        N/A       4%          4
 Apportation              Tloc           12%        N/A       11%         1
 Summon Small Mammal      Summ           24%        N/A       11%         1
 Agony                    Necr           34%        N/A       14%         5
 Gell's Gravitas          Tloc           6%         N/A       30%         3
 Lesser Beckoning         Tloc           6%         N/A       30%         3
 Ozocubu's Armour         Ice            6%         N/A       30%         3
 Teleport Other           Tloc           6%         N/A       30%         3
 Petrify                  Tmut/Erth      6%         N/A       71%         4
 Irradiate                Conj/Tmut      3%         3d15      96%         5
 Ozocubu's Refrigeration  Ice            3%         4d5       100%        7


Dungeon Overview and Level Annotations

Branches:
Dungeon (6/15)             Temple (0/1) D:4

Altars:
Ashenzari
Gozag
Makhleb
Okawaru
Ru
Xom

Shops:
D:4 *

Annotations:
D:4 1 runed translucent door, Crazy Yiuf


Innate Abilities, Weirdness & Mutations

You are resistant to damage.
You can heal yourself by infusing magical energy.
You passively map a small area around you.
You do not regenerate.


Message History

You barely miss the killer bee zombie.
The killer bee zombie is almost destroyed.
The killer bee zombie hits you.
* * * LOW HITPOINT WARNING * * *
The killer bee zombie barely misses you.
You hit the killer bee zombie.
The killer bee zombie is almost destroyed.
The killer bee zombie closely misses you.
The killer bee zombie barely misses you.
Okay, then.
Unknown command.
You hit the killer bee zombie.
You destroy the killer bee zombie!
Makhleb accepts your kill.
C - 2 scrolls labelled AKKY AM POO (gained 1)
You start waiting.
Done waiting.
A steam dragon is nearby!
You are too injured to fight recklessly!
The steam dragon hisses angrily.
Casting: Vampiric Draining (safe; 1% risk of failure)
Confirm with . or Enter, or press ? or * to list all spells.
Aiming: Vampiric Draining (safe; 1% risk of failure)
Press: ? - help, Shift-Dir - straight line, f - steam dragon
Aim: a steam dragon You draw life force from the steam dragon!
You feel life coursing into your body. The steam dragon bites you.
* * * LOW HITPOINT WARNING * * *
The steam dragon barely misses you.
Unknown command.
Casting: Vampiric Draining (safe; 1% risk of failure)
Confirm with . or Enter, or press ? or * to list all spells.
Aiming: Vampiric Draining (safe; 1% risk of failure)
Press: ? - help, Shift-Dir - straight line, f/p - steam dragon
Aim: a steam dragon (moderately wounded)
You draw life force from the steam dragon!
You feel life coursing into your body. The steam dragon breathes steam at you.
The ball of steam hits you!!
You die...

### #.# ** ### #.#############
,,,, ..# #.............# **#.#
#.###########.# #.# #@# #.#
####.#######D## ####.####
####....)........# #........
##....##.####.....#######.##.####
.........# #..........##.##.#
........## #..........##.##.#
........# #..........##.##.####
........## #..........##.......#
.####....####...>......##.......#


You could see a steam dragon (catching breath).

Vanquished Creatures
  A steam dragon (D:6)
  A water moccasin (D:6)
  A necrophage (D:4)
  An ogre (D:6)
  A bullfrog (D:5)
  A scorpion (D:4)
  A water moccasin zombie (D:6)
  A bullfrog skeleton (D:6)
  A centaur skeleton (D:5)
  A jelly (D:6)
  2 orc priests
  Jessica (D:2)
  An orc wizard (D:3)
  4 iguanas
  A killer bee zombie (D:6)
  A hound skeleton (D:4)
  Robin (D:2)
  2 adders
  2 worms
  2 dart slugs
  10 orcs
  11 endoplasms
  3 giant cockroaches (D:1)
  11 goblins
  7 hobgoblins
  6 jackals
  9 kobolds
  4 quokkas
  4 ball pythons
  5 bats
  4 frilled lizards
  4 rats (D:1)
105 creatures vanquished.

Notes
Turn   | Place    | Note
-------+----------+-------------------------------------------
     0 | D:1      | Nattfarinn the Deep Dwarf Necromancer began the quest for
                  | the Orb.
     0 | D:1      | Reached XP level 1. HP: 15/15 MP: 3/3
   162 | D:1      | Reached XP level 2. HP: 10/22 MP: 0/5
   683 | D:1      | Reached XP level 3. HP: 11/28 MP: 2/7
   698 | D:1      | Learned a level 3 spell: Vampiric Draining
  1232 | D:2      | Noticed Robin
  1574 | D:2      | Killed Robin
  1586 | D:2      | Reached skill level 5 in Necromancy
  1690 | D:2      | Reached XP level 4. HP: 36/36 MP: 4/8
  2112 | D:2      | Noticed Jessica
  2117 | D:2      | Killed Jessica
  2503 | D:3      | Found an opulent altar of Gozag.
  2517 | D:3      | Found a burning altar of Makhleb.
  2521 | D:3      | Became a worshipper of Makhleb the Destroyer
  2527 | D:3      | Found a shimmering altar of Xom.
  2535 | D:3      | Found a broken altar of Ashenzari.
  2711 | D:3      | Found a faded altar of an unknown god.
  3233 | D:3      | Reached XP level 5. HP: 30/42 MP: 3/10
  3800 | D:4      | Found Valuk's General Store.
  3801 | D:4      | Noticed a necrophage
  4469 | D:4      | Killed a necrophage
  4496 | D:4      | Reached XP level 6. HP: 30/49 MP: 12/12
  4668 | D:4      | Found an iron altar of Okawaru.
  4691 | D:4      | Found a staircase to the Ecumenical Temple.
  4719 | D:4      | Found a runed translucent door.
  4720 | D:4      | Noticed Crazy Yiuf
  4754 | D:4      | Reached skill level 6 in Necromancy
  5453 | D:5      | Entered Level 5 of the Dungeon
  5457 | D:5      | Reached skill level 5 in Spellcasting
  5973 | D:5      | Reached XP level 7. HP: 55/55 MP: 4/15
  6348 | D:6      | Noticed a steam dragon
  7228 | D:6      | Found a sacrificial altar of Ru.
  7292 | D:6      | Reached skill level 7 in Necromancy
  7347 | D:6      | Noticed a steam dragon
  7368 | D:6      | Killed a steam dragon
  7369 | D:6      | Reached XP level 8. HP: 17/62 MP: 1/18
  7647 | D:6      | Killed from afar by a steam dragon

Illustrated notes

Levels and vault maps discovered:
D:1:      sevenhm_arrival_forest_fort_small_4, layout_rooms
D:2:      layout_basic, uniq_robin, uniq_jessica
D:3:      layout_loops_ring, grunt_temple_overflow_cloverleaf,
          basic_ecumenical_altar, minmay_misc_feat_alley
D:4:      layout_rooms, general_overflow_altar, temple_green, serial_shops,
          shop, uniq_crazy_yiuf_cottage
D:5:      layout_basic
D:6:      layout_basic, lemuel_round_altar

Skill      XL: |  1  2  3  4  5  6  7 |
---------------+----------------------+-----
Spellcasting   | 2 3 4 5 6 |  6.7
Necromancy     | 5 6 7 |  7.4
Dodging        | |  2.1
Stealth        | |  2.4

Action                   |  1- 3 |  4- 6 |  7- 9 || total
-------------------------+-------+-------+-------++-------
Melee: Unarmed           |    61 |       |       ||    61
       Punch             |     2 |       |     1 ||     3
       Dagger            |    20 |    37 |    63 ||   120
 Cast: Pain              |    41 |       |       ||    41
       Vampiric Draining |    17 |    51 |    26 ||    94
 Abil: Heal Wounds       |       |       |     1 ||     1
Evoke: Wand              |       |       |     5 ||     5
 Stab: Sleeping          |     1 |     3 |       ||     4
       Paralysed         |       |       |     2 ||     2
Armor: Robe              |    11 |    10 |       ||    21
       Animal skin       |       |       |    41 ||    41
Dodge: Dodged            |    62 |    45 |    78 ||   185

Table legend: (Time is in decaauts)
 A = Elapsed time spent in this place.
 B = Non-inter-level travel time spent in this place.
 C = Inter-level travel time spent in this place.
 D = Time resting spent in this place.
 E = Time spent auto-exploring this place.
 F = Levels seen in this place.
 G = Mean time per level.
                   A        B        C        D        E       F      G
               +--------+--------+--------+--------+--------+-----+--------+
         Total |   7657 |   7307 |    350 |   1702 |   4549 |   6 | 1276.2 |
       Dungeon |   7657 |   7307 |    350 |   1702 |   4549 |   6 | 1276.2 |
               +--------+--------+--------+--------+--------+-----+--------+

Top non-repeatable levels by time:
     D:2: 1756 daAuts
     D:3: 1546 daAuts
     D:4: 1203 daAuts
     D:6: 1188 daAuts
     D:1: 1064 daAuts
     D:5: 898 daAuts
